 Dungeon Crawl Stone Soup version 0.29-a0-542-g075992c915 (webtiles) character file.

Game seed: 9753921831467160798

17 NYM the Shield-Bearer (level 3, -8/33 HPs)
             Began as a Meteoran Fighter on June 5, 2022.
             Mangled by Sigmund
             ... wielding a +0 scythe
              (11 damage)
             ... on level 2 of the Dungeon.
             The game lasted 00:02:20 (237 turns).

NYM the Shield-Bearer (Meteoran Fighter)             Turns: 237, Time: 00:02:21

Health: -8/33      AC:  6    Str: 18    XL:     3   Next: 2%
Magic:  4/4        EV:  9    Int:  9    God:
Gold:   39         SH:  0    Dex: 15    Spells: 2/2 levels left

rFire   . . .      SeeInvis .   a - +0 flail
rCold   . . .      Faith    .   c - +0 buckler
rNeg    . . .      Spirit   .   b - +0 scale mail
rPois   .          Reflect  .   (no helmet)
rElec   .          Harm     .   (no cloak)
rCorr   .          Rampage  .   (no gloves)
Will    .....                   (no boots)
Stlth   ..........              (no amulet)
HPRegen 0.11/turn               (no ring)
MPRegen 0.09/turn               (no ring)

@: confused, mighty, lethally poisoned (-8 -> -19), glowing
A: sense surroundings 1, otherworldly, glowing, explore regen
a: no special abilities


You were on level 2 of the Dungeon.
You visited 1 branch of the dungeon, and saw 2 of its levels.

You collected 39 gold pieces.


Innate Abilities, Weirdness & Mutations

You passively map a small area around you.
You are easily found by Zot.
You glow in the dark.
You regain HP and MP as you explore.


   Skills:
 + Level 3.6 Fighting
 + Level 3.2 Maces & Flails
 - Level 3.6 Armour
 + Level 4.0 Shields


You had 2 spell levels left.
You didn't know any spells.
Your spell library was empty.

Inventory:

Hand Weapons
 a - a +0 flail (weapon)
Armour
 b - a +0 scale mail (worn)
 c - a +0 buckler (worn)
Scrolls
 e - a scroll of amnesia {unknown}
 h - a scroll of immolation {unknown}
Potions
 f - a potion of magic {unknown}
 g - a potion of mutation {unknown}

Dungeon Overview and Level Annotations

Branches:
Dungeon (2/15)

Altars:

Annotations:
D:2 Sigmund

* ,, ,, ,* , ,,
, ,,,, * * , ,
### * * * , .
>*#.. ... #.# ,
*
.....##.#####.#.
* *
#...@@<....... ,
#...S###......
#.... ..... * *
#...., , ,....
...... ,, , >..
* , * ###.### ,
,,,## , #. , #*,


You could see Sigmund and an adder.


Message History

The kobold hits you with a +0 dagger. 😕 HP[-2]
You take 2 damage, and now have 24/26 hp.
You closely miss the kobold. The kobold barely misses you.
The kobold hits you but does no damage. 😕 HP[+1]
You barely miss the kobold. The kobold hits you but does no damage.
You closely miss the kobold. The kobold hits you but does no damage.
You sock the kobold!
You kill the kobold!
Things that are here:
a +0 dagger; a kobold corpse A giant cockroach comes into view.
You thump the giant cockroach!
You kill the giant cockroach!
You see here a giant cockroach corpse. 😎 HP[+1]
Your hp is fully restored (26).
h - a scroll labelled REKUCW ROREOMP A goblin comes into view.
It is wielding a +0 dagger.
The goblin shouts!
Found 13 gold pieces.
Found a stone staircase leading down.
You hit the goblin.
You kill the goblin!
You have reached level 3!
Your experience leads to an increase in your attributes!
Increase (S)trength, (I)ntelligence, or (D)exterity?
You feel agile. x2; You feel stronger. 😎 HP[+7] MP[+1]
You now have 33 max hp (+7).
Your hp is fully restored (33).
Your mp is fully restored (4).
You see here a +0 dagger.
There is a stone staircase leading down here.
You now have 26 gold pieces (gained 14).
There is a stone staircase leading down here.
You now have 39 gold pieces (gained 13).
There is a stone staircase leading down here.
You climb downwards.
Sigmund shouts!
Found a hand axe.
Found a stone staircase leading down.
There is a stone staircase leading up here.
Okay, then.
You feel very mighty all of a sudden.
An adder comes into view.
The adder hisses angrily.
Sigmund casts a spell at you.
You are confused.
You barely miss Sigmund. The adder barely misses you.
Sigmund closely misses you.
You closely miss Sigmund. The adder barely misses you.
Sigmund barely misses you.
You closely miss Sigmund.
The adder bites you but does no damage. x2
You barely miss Sigmund.
You feel less confused. The adder barely misses you.
You block Sigmund's attack. The adder barely misses you.
You closely miss Sigmund. The adder bites you.
You block Sigmund's attack. 😕 HP[-2]
You take 2 damage, and now have 31/33 hp.
You barely miss Sigmund. The adder closely misses you. Sigmund misses you.
The adder bites you.
You are poisoned.
The adder poisons you! 😕 HP[-2]
You take 2 damage, and now have 29/33 hp.
You sock Sigmund!
You feel sick. The adder closely misses you.
Sigmund hits you but does no damage. The adder bites you. 😮 HP[-5]
You take 5 damage, and now have 24/33 hp.
You closely miss Sigmund.
You feel sick. The adder bites you.
You are more poisoned.
The adder poisons you!
Sigmund points at you and mumbles some strange words.
You are confused. 😮 HP[-2]
You take 2 damage, and now have 22/33 hp.
Unknown command.
You bump into the rock wall.
You feel sick. The adder bites you.
You are more poisoned.
The adder poisons you! Sigmund hits you with a +0 scythe.
* * * LOW HITPOINT WARNING * * *
The adder bites you.
* * * LOW HITPOINT WARNING * * *
You are more poisoned.
The adder poisons you! 😨 HP[-10]
You take 10 damage, and now have 12/33 hp.
MASSIVE DAMAGE!! (PAUSE)
You barely miss Sigmund.
* * * LOW HITPOINT WARNING * * *
You feel very sick.
The adder bites you but does no damage. 😱 HP[-5]
You take 5 damage, and now have 7/33 hp.
Unknown command.
You bump into the rock wall.
* * * LOW HITPOINT WARNING * * *
You feel very sick. The adder bites you but does no damage.
Sigmund hits you with a +0 scythe!
You die...

Skill      XL: |  1  2 |
---------------+-------+-----
Maces & Flails | 3 |  3.2
Shields        | 4 |  4.0
Fighting       | |  3.6
Armour         | |  3.6

Action                   || total
-------------------------++-------
Melee: Flail             ||    54
  Use: Potion            ||     1
Armor: Scale mail        ||    29
Dodge: Dodged            ||    27
Block: Buckler           ||    12

Levels and vault maps discovered:
D:1:      dpeg_arrival_shelter, layout_loops_ring, serial_co_window_serial,
          co_window_paths_b, co_window_paths_b, co_window_corner_a,
          co_window_corner_a, co_window_paths_b, co_window_unsneaky_path_c,
          co_window_corner_b, co_window_corner_b, co_window_unsneaky_path_d,
          co_window_cross_3, co_window_corner_b, co_window_of_opportunity_b,
          glass_columns_a, glass_columns_a, glass_columns_c, glass_columns_b,
          dreamdust_mushroom_princess
D:2:      layout_rooms, ebering_dispersal_statue_hall, uniq_sigmund

Notes
Turn   | Place    | Note
-------+----------+-------------------------------------------
     0 | D:1      | NYM the Meteoran Fighter began the quest for the Orb.
     0 | D:1      | Reached XP level 1. HP: 19/19 MP: 2/2
     0 | D:1      | magus.rc [v1.11.3]
    58 | D:1      | Reached XP level 2. HP: 25/26 MP: 3/3
    68 | D:1      | Reached skill level 3 in Maces & Flails
   113 | D:1      | Reached skill level 4 in Shields
   193 | D:1      | Reached XP level 3. HP: 33/33 MP: 4/4
   224 | D:2      | Noticed Sigmund
   236 | D:2      | HP: 7/33 [poisoned by an adder]
   237 | D:2      | HP: 3/33 [poisoned by an adder]
   237 | D:2      | Mangled by Sigmund

Vanquished Creatures
  3 ball pythons (D:1)
  A giant cockroach (D:1)
  2 goblins (D:1)
  A hobgoblin (D:1)
  4 jackals (D:1)
  2 kobolds (D:1)
  A frilled lizard (D:1)
14 creatures vanquished.

Table legend:
 A = Non-vault XP
 B = Vault XP
 C = Vault XP percentage of total XP
 D = Non-vault monster count
 E = Vault monster count
 F = Vault count percentage of total count
                 A         B        C        D         E       F
            +---------+---------+-------+---------+---------+-------
      Total |      25 |       0 |   0.0 |      14 |       0 |   0.0
            +---------+---------+-------+---------+---------+-------
        D:1 |      25 |       0 |   0.0 |      14 |       0 |   0.0
            +---------+---------+-------+---------+---------+-------

Illustrated notes

Table legend:
 A = Kills in this place as a percentage of kills in entire the game.
 B = Kills by you in this place as a percentage of kills by you in the entire game.
 C = Kills by friends in this place as a percentage of kills by friends in the entire game.
 D = Other kills in this place as a percentage of other kills in the entire game.
 E = Experience gained in this place as a percentage of experience gained in the entire game.
 F = Experience gained in this place divided by the number of levels of this place that you have seen.
                   A       B       C       D       E      F
               +-------+-------+-------+-------+-------+----------------------
         Total | 100.0 | 100.0 |   N/A |   N/A | 100.0 |  12.5
       Dungeon | 100.0 | 100.0 |   N/A |   N/A | 100.0 |  12.5
               +-------+-------+-------+-------+-------+----------------------

Table legend: (Time is in decaauts)
 A = Elapsed time spent in this place.
 B = Non-inter-level travel time spent in this place.
 C = Inter-level travel time spent in this place.
 D = Time resting spent in this place.
 E = Time spent auto-exploring this place.
 F = Levels seen in this place.
 G = Mean time per level.
                   A        B        C        D        E       F      G
               +--------+--------+--------+--------+--------+-----+--------+
         Total |    252 |    252 |      0 |      0 |      0 |   2 |  126.0 |
       Dungeon |    252 |    252 |      0 |      0 |      0 |   2 |  126.0 |
               +--------+--------+--------+--------+--------+-----+--------+

Top non-repeatable levels by time:
     D:1: 237 daAuts
     D:2: 15 daAuts
